 Dungeon Crawl Stone Soup version 0.23.0 (webtiles) character file.

Game seed: 13365762994889153428

1713 night the Cruncher (level 9, -1/56 HPs)
             Began as a Gargoyle Gladiator on Feb 8, 2019.
             Was a Priest of Okawaru.
             Slain by an orc warrior
             ... wielding a +0 hand axe
              (9 damage)
             ... on level 7 of the Dungeon.
             The game lasted 00:14:30 (4687 turns).

night the Cruncher (Gargoyle Gladiator)             Turns: 4687, Time: 00:14:31

Health: -1/56      AC: 16    Str: 28    XL:     9   Next: 4%
Magic:  10/12      EV: 14    Int: 12    God:    Okawaru [***...]
Gold:   214        SH:  0    Dex: 11    Spells: 8/8 levels left

rFire    + . .     SeeInvis .   a - +0 quarterstaff
rCold    . . .     Gourm    .   (shield currently unavailable)
rNeg     + . .     Faith    .   u - +2 ring mail {rF+}
rPois    ∞         Spirit   .   c - +0 helmet
rElec    +         Reflect  .   O - +0 cloak
rCorr    .         Harm     .   (no gloves)
MR       .....                  (no boots)
Stlth    ++........             g - amulet of regeneration
HPRegen  0.58/turn              D - ring of Eternal Harmony {Str+2 Int+3}
MPRegen  0.13/turn              v - +5 ring of strength

@: heroism
A: negative energy resistance 1, electricity resistance, unbreathing,
petrification resistance, rot immunity, AC +6
a: Heroism, Renounce Religion


You were on level 7 of the Dungeon.
You worshipped Okawaru.
Okawaru was most pleased with you.
You were not hungry.

You visited 2 branches of the dungeon, and saw 8 of its levels.
You also visited: Sewer.

You collected 214 gold pieces.

Inventory:

Hand Weapons
 a - a +0 quarterstaff (weapon)
 I - a +0 shortbow
Missiles
 d - 3 throwing nets (quivered)
 e - 4 needles of frenzy
 l - 132 stones
 p - 64 arrows
 w - 37 sling bullets
 J - 10 bolts
 M - 16 poisoned needles
Armour
 c - a +0 helmet (worn)
 u - a +2 ring mail of fire resistance (worn)
 O - a +0 cloak (worn)
Jewellery
 g - an amulet of regeneration (around neck)
 n - an uncursed ring of see invisible
 o - an uncursed ring of fire
 v - a +5 ring of strength (right hand)
 D - the ring of Eternal Harmony (left hand) {Str+2 Int+3}
   (You found it on level 4 of the Dungeon)

   [ring of intelligence]

   It affects your strength (+2).
   It affects your intelligence (+3).
 G - an uncursed ring of protection from fire {unknown}
 H - a cursed ring of teleportation {unknown}
Wands
 E - a wand of clouds (6)
Scrolls
 h - 8 scrolls of teleportation {unknown}
 i - 3 scrolls of random uselessness {unknown}
 k - 4 scrolls of magic mapping {unknown}
 m - 2 scrolls of identify {unknown}
 q - 4 scrolls of remove curse {unknown}
 s - 2 scrolls of immolation {unknown}
 t - a scroll of enchant weapon {unknown}
 y - 3 scrolls of blinking {unknown}
 B - 5 scrolls of fog {unknown}
 N - a scroll of fear {unknown}
Potions
 j - 4 potions of heal wounds
 r - a potion of invisibility {unknown}
 x - 2 potions of magic
 z - 3 potions of might {unknown}
 A - 2 potions of curing {unknown}
 C - a potion of haste {unknown}
 F - a potion of lignification {unknown}
 K - a potion of resistance {unknown}
 L - a potion of flight {unknown}
Comestibles
 f - 9 rations


   Skills:
 + Level 6.8(11.8) Fighting
 * Level 9.1(14.1) Staves
 - Level 1.7(6.7) Throwing
 - Level 2.4(7.4) Dodging
 + Level 4.4 Invocations


You had 8 spell levels left.
You didn't know any spells.
Your spell library was empty.

Dungeon Overview and Level Annotations

Branches:
Dungeon (7/15)             Temple (1/1) D:5

Altars:
Ashenzari
Cheibriados
Dithmenos
Elyvilon
Fedhas
Gozag
Hepliaklqana
Nemelex Xobeh
Okawaru
Qazlal
Ru
Sif Muna
Trog
Vehumet
Wu Jian
Zin
The Shining One

Shops:
D:5 (

Annotations:
D:3 exclusion: oklob plant
D:6 2 runed translucent doors, Kairos's ghost, novice VSFi


Innate Abilities, Weirdness & Mutations

You are resistant to torment.
Your stone body is resilient. (AC +6)
You are immune to poison.
You resist negative energy. (rN+)
You are resistant to electric shocks. (rElec)
You can survive without breathing.
You are immune to petrification.
You are immune to rotting.


Message History

The orc warrior hits you but does no damage.
You gain the combat prowess of a mighty hero.
The orc warrior closely misses you.
You hit the orc warrior.
The orc warrior is moderately wounded.
You hit the orc warrior but do no damage.
The orc warrior is moderately wounded.
The orc warrior hits you with a +0 hand axe!
You hit the orc warrior.
The orc warrior is moderately wounded.
You thump the orc warrior!
The orc warrior is severely wounded.
The orc warrior hits you with a +0 hand axe!
* * * LOW HITPOINT WARNING * * *
You barely miss the orc warrior.
The orc warrior is severely wounded.
You hit the orc warrior but do no damage.
The orc warrior is severely wounded.
The orc warrior hits you with a +0 hand axe!
You die...

.o.. #. #..#
#.. #..# #.#
#..# ..#
#..##..##.
###.......!.
#..oo....#
#o# .#
####.##@##.#
...........#
......##.###
...... #.#
.._.. #.#
.?... #<#
)... #.#
.... ..#
####


You could see an orc warrior and 2 orcs.

Vanquished Creatures
  Pikel (D:5)
  A sky beast (D:6)
  An orc warrior (D:5)
  A phantom (D:5)
  A slave (D:5)
  2 ogres
  2 bullfrogs (Sewer)
  2 crimson imps (D:5)
  3 orc priests
  A bullfrog skeleton (D:6)
  An iguana (D:4)
  An orc wizard (D:5)
  6 worker ants
  A hound skeleton (D:4)
  10 adders
  3 gnolls (D:2)
  7 river rats
  An ooze (D:2)
  3 worms
  3 dart slugs
  4 leopard geckos
  10 orcs
  17 ball pythons
  6 giant cockroaches
  4 goblins
  8 hobgoblins
  6 jackals
  2 quokkas (D:2)
  4 bats
  10 frilled lizards
  10 kobolds
  A quokka skeleton (D:4)
  34 rats
167 creatures vanquished.

Vanquished Creatures (others)
  13 toadstools (D:3)
13 creatures vanquished.

Grand Total: 180 creatures vanquished

Notes
Turn   | Place    | Note
-------+----------+-------------------------------------------
     0 | D:1      | night the Gargoyle Gladiator began the quest for the Orb.
     0 | D:1      | Reached XP level 1. HP: 12/12 MP: 1/1
    97 | D:1      | Reached XP level 2. HP: 18/18 MP: 2/2
   686 | D:2      | Reached XP level 3. HP: 22/22 MP: 3/3
   701 | D:2      | Reached skill level 4 in Staves
   762 | D:2      | Reached XP level 4. HP: 28/28 MP: 4/4
  1002 | D:2      | Reached skill level 5 in Staves
  1002 | D:2      | Reached XP level 5. HP: 22/33 MP: 5/5
  1102 | D:2      | Found a shattered altar of Ashenzari.
  1314 | D:2      | Noticed a moth of wrath
  1317 | D:2      | Found a bloodstained altar of Trog.
  1648 | D:3      | Found a shadowy altar of Dithmenos.
  1651 | D:3      | Found a glowing golden altar of the Shining One.
  1651 | D:3      | Found an iron altar of Okawaru.
  1669 | D:3      | Became a worshipper of Warmaster Okawaru
  1956 | D:3      | Found a bloodstained altar of Trog.
  1977 | D:3      | Reached XP level 6. HP: 38/38 MP: 6/6
  2002 | D:3      | Found a glowing drain.
  2012 | Sewer    | Entered a sewer
  2192 | Sewer    | Reached skill level 6 in Staves
  2316 | Sewer    | Reached * piety under Okawaru
  2334 | Sewer    | Reached XP level 7. HP: 29/44 MP: 5/7
  2528 | D:3      | Found a blossoming altar of Fedhas.
  2539 | D:3      | Noticed an oklob plant
  2772 | D:4      | Reached skill level 5 in Fighting
  2840 | D:4      | Got a faintly glowing brass ring
  2842 | D:4      | Identified the ring of Eternal Harmony {Str+2 Int+3} (You
                  | found it on level 4 of the Dungeon)
  2903 | D:4      | Found a deep blue altar of Sif Muna.
  2970 | D:4      | Reached skill level 1 in Invocations
  3001 | D:4      | Reached skill level 7 in Staves
  3145 | D:5      | Entered Level 5 of the Dungeon
  3333 | D:5      | Reached ** piety under Okawaru
  3353 | D:5      | Reached XP level 8. HP: 33/50 MP: 9/9
  3483 | D:5      | Found Rumom's Weapon Boutique.
  3617 | D:5      | Noticed Pikel
  3661 | D:5      | Killed Pikel
  3661 | D:5      | Reached *** piety under Okawaru
  3661 | D:5      | Reached skill level 8 in Staves
  3885 | D:5      | Found a staircase to the Ecumenical Temple.
  3900 | Temple   | Entered the Ecumenical Temple
  4357 | D:6      | Found a sparkling altar of Nemelex Xobeh.
  4541 | D:6      | Found a large runed translucent door.
  4541 | D:6      | Found a large runed translucent door.
  4563 | D:6      | Reached skill level 9 in Staves
  4599 | D:6      | Noticed Kairos's ghost (novice VSFi)
  4666 | D:7      | Found an iron altar of Okawaru.
  4676 | D:7      | Reached XP level 9. HP: 35/56 MP: 12/12
  4687 | D:7      | Slain by an orc warrior

Skill      XL: |  1  2  3  4  5  6  7  8 |
---------------+-------------------------+-----
Fighting       | 3 4 5 6 |  6.8
Staves         | 4 5 6 7 9 |  9.1
Invocations    | 2 4 |  4.4
Throwing       | |  1.7
Dodging        | |  2.4

Action                   |  1- 3 |  4- 6 |  7- 9 || total
-------------------------+-------+-------+-------++-------
Melee: Quarterstaff      |    79 |   284 |   279 ||   642
Invok: Heroism           |       |     1 |     1 ||     2
  Use: Potion            |       |     1 |     1 ||     2
  Eat: Chunk             |       |     5 |     6 ||    11
       Ration            |       |       |     1 ||     1
Armor: Leather armour    |    30 |    28 |       ||    58
       Ring mail         |       |   118 |   124 ||   242
Dodge: Dodged            |    66 |   220 |   137 ||   423
